 Dungeon Crawl Stone Soup version 0.30-a0-142-g7370640ec8 (webtiles) character file.

Game seed: 15573645623776111968

930 qw the Chopper (level 8, -1/48 HPs)
             Began as a Gargoyle Fighter on Sept 26, 2022.
             Slain by a two-headed ogre
             ... wielding a +0 giant club
              (11 damage)
             ... on level 5 of the Dungeon.
             The game lasted 00:01:32 (5120 turns).

qw the Chopper (Gargoyle Fighter)                   Turns: 5120, Time: 00:01:32

Health: -1/48      AC: 21    Str: 21    XL:     8   Next: 11%
Magic:  8/8        EV:  4    Int: 17    God:
Gold:   251        SH:  9    Dex:  9    Spells: 7/7 levels left

rFire   . . .      SeeInvis .    Y - +0 war axe (venom)
rCold   . . .      Faith    .    g - +0 kite shield
rNeg    + . .      Spirit   .    n - +0 plate armour
rPois   inf        Reflect  .    (no helmet)
rElec   +          Harm     .    (no cloak)
rCorr   .          Rampage  .    c - +2 pair of gloves of Subjectivity {rElec rPois Int+7}
Will    .....                    k - +0 pair of boots
Stlth   ..........               (no amulet)
HPRegen 0.16/turn                (no ring)
MPRegen 0.11/turn                (no ring)

@: no status effects
A: sickness immunity, AC +5, negative energy resistance 1, electricity
resistance, torment resistance 1, petrification resistance
a: no special abilities


You were on level 5 of the Dungeon.
You visited 2 branches of the dungeon, and saw 6 of its levels.

You collected 251 gold pieces.


Innate Abilities, Weirdness & Mutations

You are immune to sickness and miasma.
Your stone body is resilient. (AC +5)
You are immune to poison.
You resist negative energy. (rN+)
You are resistant to electric shocks. (rElec)
You are resistant to unholy torment.
You are immune to petrification.


   Skills:
 - Level 4.0 Fighting
 + Level 6.6 Axes
 - Level 4.1 Armour
 - Level 6.1 Shields


You had 7 spell levels left.
You didn't know any spells.
Your spell library was empty.

Inventory:

Hand Weapons
 e - a +2 flail of protection
 Y - a +0 war axe of venom (weapon)
Armour
 c - the +2 pair of gloves of Subjectivity (worn) {rElec rPois Int+7}
   (You acquired it on level 4 of the Dungeon)

   Int:       It affects your intelligence (+7).
   rElec:     It insulates you from electricity.
   rPois:     It protects you from poison.
 g - a +0 kite shield (worn)
 k - a +0 pair of boots (worn)
 n - a +0 plate armour (worn)
Jewellery
 j - a ring of fire
 q - a ring of ice
Scrolls
 a - 2 scrolls of identify
 m - a scroll of butterflies {unknown}
Potions
 b - a potion of mutation {unknown}
 d - 3 potions of might
 f - a potion of lignification
 h - 2 potions of attraction {unknown}
 i - a potion of magic {unknown}
 l - a potion of cancellation {unknown}
 o - a potion of heal wounds {unknown}

Dungeon Overview and Level Annotations

Branches:
Dungeon (5/15)             Temple (1/1) D:4

Altars:
Ashenzari
Cheibriados
Dithmenos
Fedhas
Gozag
Qazlal
Ru
Trog
Uskayaw
Xom
Yredelemnul
Zin


Message History

Found a shadowy altar of Dithmenos.
Enter note: You now have 251 gold pieces (gained 9).
Found a stone staircase leading up.
Enter note:
Enter note:
Enter note:
Enter note:
Enter note: You open the door.
A dart slug, an iguana, an adder, a two-headed ogre and a scorpion come into view.
The iguana hisses angrily.
The adder hisses angrily.
The two-headed ogre shouts in stereo!
The iguana hisses menacingly.
Found a smoky pink potion.
You slash the iguana!
The iguana is severely wounded.
The iguana bites you but does no damage.
You barely miss the iguana.
The iguana is severely wounded.
You slash the two-headed ogre!
The two-headed ogre is poisoned.
The two-headed ogre is lightly wounded.
You block the two-headed ogre's attack. The two-headed ogre barely misses you.
You slash the two-headed ogre!
The two-headed ogre looks as sick as possible!
The two-headed ogre is moderately wounded.
The two-headed ogre hits you with a +0 giant club!
The two-headed ogre hits you with a +0 giant spiked club!
You hit the two-headed ogre.
The two-headed ogre looks as sick as possible!
The two-headed ogre is moderately wounded.
The two-headed ogre hits you with a +0 giant club!
You block the two-headed ogre's attack.
You slash the two-headed ogre!
The two-headed ogre looks as sick as possible!
The two-headed ogre is heavily wounded.
You barely miss the two-headed ogre.
The two-headed ogre is severely wounded.
The two-headed ogre hits you with a +0 giant club!
You die...

...............##
#.####.....####..# ## #
##...## #.## ##. ##.##
#.# ##.. #.# ##.# ##... .
+#.#+ ##..# ##..##
...###...###...## ##..##
.......8........###..##
..###..@###....##..##
+#.#OS##......##
#.#lsw##.....#
##.##...#.....###
##...##.!#.......###
.####.....####.........##
...............######...#
........######## ##..#
.....##.## #..#


You could see a two-headed ogre (extremely poisoned), a scorpion, an iguana, an
adder and a dart slug.

Vanquished Creatures
  Sigmund (D:3)
  An ice beast (D:5)
  A centaur (D:5)
  A kobold brigand (D:5)
  4 scorpions
  An orc priest (D:4)
  Jessica (D:3)
  Ijyb (D:3)
  An iguana (D:4)
  4 river rats (D:4)
  8 adders
  An ufetubus (D:5)
  5 worms (D:4)
  3 dart slugs
  4 orcs (D:4)
  3 bats
  2 endoplasms
  3 giant cockroaches
  6 goblins
  4 hobgoblins
  4 jackals
  7 quokkas
  7 ball pythons
  A frilled lizard (D:2)
  8 kobolds
  9 rats
91 creatures vanquished.

Vanquished Creatures (others)
  A plant (D:4)
1 creature vanquished.

Grand Total: 92 creatures vanquished

Notes
Turn   | Place    | Note
-------+----------+-------------------------------------------
     0 | D:1      | qw the Gargoyle Fighter began the quest for the Orb.
     0 | D:1      | Reached XP level 1. HP: 14/14 MP: 1/1
     0 | D:1      | 0 ||| qw: Version: 0.2-a-10-g399e6c4
     0 | D:1      | 0 ||| qw: Game counter: 445
     0 | D:1      | 0 ||| qw: Always use a shield: true
     0 | D:1      | 0 ||| qw: God list: Okawaru
     0 | D:1      | 0 ||| qw: Allow faded altars: false
     0 | D:1      | 0 ||| qw: Do Orc after D:15 true
     0 | D:1      | 0 ||| qw: Do second Lair branch before Depths: true
     0 | D:1      | 0 ||| qw: Lair rune preference: random
     0 | D:1      | 0 ||| qw: Plans: Normal, Zot:1-4, God:TSO, Crypt, Tomb,
                  | Pan, Slime:5, Hells, Abyss, Orb
     0 | D:1      | 0 ||| PLANNING D:1-11
   320 | D:1      | Reached XP level 2. HP: 19/19 MP: 2/2
   491 | D:1      | Found a faded altar of an unknown god.
   697 | D:1      | 697 ||| DROPPING +0 club.
   897 | D:1      | 897 ||| READING scroll labelled XIDWAE PIBBID.
  1081 | D:2      | Reached skill level 3 in Axes
  1125 | D:2      | 1125 ||| Stepping ~*~*~tactically~*~*~ (stealth).
  1133 | D:2      | Reached XP level 3. HP: 22/23 MP: 3/3
  1134 | D:2      | 1134 ||| Stepping ~*~*~tactically~*~*~ (stealth).
  1135 | D:2      | 1135 ||| Stepping ~*~*~tactically~*~*~ (stealth).
  1144 | D:2      | 1144 ||| Stepping ~*~*~tactically~*~*~ (stealth).
  1145 | D:2      | 1145 ||| Stepping ~*~*~tactically~*~*~ (hiding).
  1432 | D:2      | 1432 ||| Stepping ~*~*~tactically~*~*~ (hiding).
  1590 | D:2      | 1590 ||| UPGRADING to +0 plate armour.
  1600 | D:2      | 1600 ||| DROPPING +0 scale mail.
  1601 | D:2      | 1601 ||| READING scroll labelled DOGONG XO TAALAZ.
  1602 | D:2      | 1602 ||| READING scroll labelled VUPAOGIMNO.
  1603 | D:2      | 1603 ||| READING scroll labelled FEOLOGG UNAWI.
  1604 | D:2      | 1604 ||| READING scroll labelled NUM CAYSOV ICI.
  1605 | D:2      | 1605 ||| READING scroll labelled XOKEHU TOABLUD.
  1606 | D:2      | 1606 ||| READING scroll labelled ROH ILIFUJUCSA.
  1607 | D:2      | 1607 ||| DRINKING 2 puce potions.
  1608 | D:2      | 1608 ||| DROPPING potion of brilliance.
  1681 | D:3      | Noticed Jessica
  1696 | D:3      | Killed Jessica
  1697 | D:3      | Reached XP level 4. HP: 23/28 MP: 4/4
  1829 | D:3      | Noticed Sigmund
  1860 | D:3      | HP: 5/28 [Sigmund/+0 scythe of protection (4)]
  1861 | D:3      | 1861 ||| READING scroll of teleportation.
  1862 | D:3      | Killed Sigmund
  1863 | D:3      | Reached XP level 5. HP: 5/32 MP: 5/5
  1863 | D:3      | Reached XP level 6. HP: 6/37 MP: 6/6
  2403 | D:3      | Noticed Ijyb
  2404 | D:3      | 2404 ||| Stepping ~*~*~tactically~*~*~ (hiding).
  2416 | D:3      | Killed Ijyb
  2934 | D:3      | 2934 ||| UPGRADING to +0 kite shield.
  2944 | D:3      | 2944 ||| DROPPING +0 buckler.
  2945 | D:3      | 2945 ||| DROPPING +6 ring of intelligence.
  2946 | D:3      | 2946 ||| READING scroll labelled HEIGHE CAYXKEFF.
  3012 | D:3      | 3012 ||| READING 2 scrolls of identify.
  3012 | D:3      | 3012 ||| IDENTIFYING purple potion
  3032 | D:4      | 3032 ||| PLANNING SEWER
  3333 | D:4      | 3333 ||| DROPPING +0 whip.
  3550 | D:4      | 3550 ||| READING scroll of brand weapon.
  3550 | D:4      | 3550 ||| BRANDING +0 war axe of draining.
  3616 | D:4      | Found a staircase to the Ecumenical Temple.
  3635 | D:4      | Reached XP level 7. HP: 37/42 MP: 7/7
  3708 | D:4      | 3708 ||| RIP SEWER
  3709 | D:4      | 3709 ||| PLANNING TEMPLE
  3709 | D:4      | 3709 ||| READING scroll labelled CIEFACRUCVA.
  3710 | D:4      | 3710 ||| READING scroll labelled EXKACU JUPETEW.
  3710 | D:4      | Identified a scroll of acquirement
  3710 | D:4      | 3710 ||| ACQUIRING +2 pair of gloves of Subjectivity {rElec
                  | rPois Int+7}
  3710 | D:4      | Acquired the +2 pair of gloves of Subjectivity {rElec rPois
                  | Int+7}
  3712 | D:4      | 3712 ||| UPGRADING to +2 pair of gloves of Subjectivity
                  | {rElec rPois Int+7}.
  3717 | D:4      | 3717 ||| READING scroll labelled XIXIFABLAI.
  3735 | Temple   | Entered the Ecumenical Temple
  3877 | Temple   | 3877 ||| PLANNING D:1-11
  4297 | D:4      | 4297 ||| UPGRADING to +0 pair of boots.
  4337 | D:5      | Entered Level 5 of the Dungeon
  4357 | D:5      | Reached skill level 6 in Axes
  4391 | D:5      | Reached skill level 6 in Shields
  4722 | D:5      | 4722 ||| Stepping ~*~*~tactically~*~*~ (hiding).
  4852 | D:5      | Reached XP level 8. HP: 33/48 MP: 8/8
  4953 | D:5      | Found a shadowy altar of Dithmenos.
  5113 | D:5      | Noticed a two-headed ogre
  5118 | D:5      | HP: 10/48 [two-headed ogre/+0 giant club (14)]
  5120 | D:5      | Slain by a two-headed ogre

Levels and vault maps discovered:
D:1:      grunt_arrival_crossed_arrows, layout_loops_cross,
          hellmonk_ecumenical_altar_arch_garden, hangedman_decor_points,
          minmay_misc_feat_plants
D:2:      layout_loops_ring, st_stairs_4
D:3:      layout_basic, serial_curves, eino_curves_03, eino_curves_01,
          uniq_jessica, uniq_ijyb, uniq_sigmund
D:4:      layout_cave_pools, minmay_temple_entry_antechambers,
          lightli_sewer_entry_pipes, corexii_shack
D:5:      cheibrodos_barr_body, layout_layer_cave,
          nicolae_overflow_hidden_temple, mainiacjoe_overflow_alcove_2,
          mainiacjoe_overflow_catwalk_spiral, minmay_misc_feat_columns
Temple:   nicolae_temple_bog_church

Skill      XL: |  1  2  3  4  5  6  7 |
---------------+----------------------+-----
Axes           | 2 3 4 5 6 |  6.6
Shields        | 5 6 |  6.1
Fighting       | 4 |  4.0
Armour         | 4 |  4.1

Action                   |  1- 3 |  4- 6 |  7- 9 || total
-------------------------+-------+-------+-------++-------
Melee: War axe           |    81 |   119 |   107 ||   307
  Use: Scroll            |     7 |     4 |     3 ||    14
       Potion            |     1 |       |       ||     1
Armor: Scale mail        |    28 |       |       ||    28
       Plate armour      |    12 |    77 |    56 ||   145
Dodge: Dodged            |    33 |    28 |    17 ||    78
Block: Buckler           |     7 |    12 |       ||    19
       Kite shield       |       |    17 |    49 ||    66

Table legend:
 A = Non-vault XP
 B = Vault XP
 C = Vault XP percentage of total XP
 D = Non-vault monster count
 E = Vault monster count
 F = Vault count percentage of total count
                 A         B        C        D         E       F
            +---------+---------+-------+---------+---------+-------
      Total |     892 |     437 |  32.9 |      66 |      25 |  27.5
            +---------+---------+-------+---------+---------+-------
        D:1 |      29 |       0 |   0.0 |      15 |       0 |   0.0
        D:2 |      17 |       3 |  15.0 |       9 |       2 |  18.2
        D:3 |      51 |     296 |  85.3 |      10 |       3 |  23.1
        D:4 |     279 |     138 |  33.1 |      20 |      20 |  50.0
        D:5 |     516 |       0 |   0.0 |      12 |       0 |   0.0
            +---------+---------+-------+---------+---------+-------
